HARTFORD MONKEYS vs ATLANTIC CITY RIVERKINGS

Created - 22 octobre 2025 at 22:22

Goals
1 2 3 T
HARTFORD MONKEYS 2 0 0 2
ATLANTIC CITY RIVERKINGS 2 1 0 3
Shots
1 2 3 T
HARTFORD MONKEYS 9 6 13 28
ATLANTIC CITY RIVERKINGS 17 14 6 37

1st period

1. HARTFORD MONKEYS , Jimmy Vesey 2 (David Goyette 5) at 1:54 (PP)
2. ATLANTIC CITY RIVERKINGS , Hudson Fasching 3 (Ryan Mast 2, Anthony Angello 2) at 5:45
3. ATLANTIC CITY RIVERKINGS , Ty Dellandrea 2 (Yakov Trenin 3) at 12:38
4. HARTFORD MONKEYS , Jimmy Vesey 3 (Cam Atkinson 4, David Goyette 6) at 16:20

Penalties :
Ronald Attard (ATL) for Hooking (Minor) at 0:32, Bryce Montgomery (ATL) for Holding (Minor) at 0:54, Logan Mailloux (HAR) for Interference (Minor) at 8:28, Anthony Angello (ATL) for Hooking (Minor) at 10:28, Anthony Angello (ATL) for Hooking (Minor) at 12:28, Keaton Middleton (HAR) for Hooking (Minor) at 12:28, Samuel Bolduc (HAR) for Hooking (Minor) at 16:52

2nd period

5. ATLANTIC CITY RIVERKINGS , Garrett Pilon 1 (Sam Colangelo 2) at 19:57

Penalties :
Jimmy Vesey (HAR) for Hooking (Minor) at 1:03, Brennan Othmann (ATL) for Tripping (Minor) at 3:29, Anthony Angello (ATL) for Roughing (Minor) at 19:07, Corey Andonovski (HAR) for Holding Stick (Minor) at 19:07

3rd period

No Goal

Penalties :
Ryan Mast (ATL) for Slashing (Minor) at 1:31, Ryan Mast (ATL) for Holding (Minor) at 5:20, Yakov Trenin (ATL) for Hooking (Minor) at 12:05, William Trudeau (HAR) for Holding (Minor) at 16:54

Goalie Stats

Samuel Hlavaj (HAR), 34 saves from 37 shots - (0,919), L, 1-4-0, 60:00 minutes
Nicolas Daws (ATL), 26 saves from 28 shots - (0,929), W, 3-1-0, 60:00 minutes

Players Stats for HARTFORD MONKEYS

Player Name              G  A  P  +/- PIM S  H  SB GA TA FO     MP     PP MP  PK MP  
------------------------------------------------------------------------------------
Brandon Gignac           0  0  0  -1  0   0  2  0  0  0  7/11   13:21   0:08   0:48 
Cam Atkinson             0  1  1   1  0   3  2  1  0  0  8/14   22:55   5:16   3:57 
Cameron Crotty           0  0  0   0  0   0  1  1  0  0  0/0     9:49   0:00   1:11 
Corey Andonovski         0  0  0   0  2   0  6  0  0  0  4/5    22:20   6:00   3:11 
David Goyette            0  2  2  -1  0   1  0  0  0  0  18/30  24:45   6:08   4:09 
Declan Carlile           0  0  0  -1  0   1  6  4  0  0  0/0    21:26   6:05   4:02 
Filip Mesar              0  0  0   0  0   4  0  0  0  0  1/1    22:06   6:00   3:11 
Gavin Brindley           0  0  0  -2  0   4  1  0  0  0  4/7    15:02   1:00   0:00 
Isaac Ratcliffe          0  0  0   0  0   0  0  0  0  0  0/0     0:00   0:00   0:00 
Jimmy Vesey              2  0  2   1  2   7  0  1  0  0  0/1    17:08   5:40   0:36 
Jonas Rondbjerg          0  0  0  -2  0   2  0  0  0  0  0/2    13:19   0:36   0:00 
Keaton Middleton         0  0  0   0  2   0  1  1  0  0  0/0     9:17   0:36   0:00 
Logan Mailloux           0  0  0  -1  2   2  0  2  0  0  0/0    20:06   5:29   3:19 
Noah Ostlund             0  0  0   0  0   0  0  0  0  0  7/21   17:08   6:00   0:00 
Ryan Ufko                0  0  0   0  0   0  0  0  0  0  0/0    26:08   6:11   3:54 
Samuel Bolduc            0  0  0  -1  2   0  0  0  0  0  0/0     4:22   0:00   0:39 
Topi Niemela             0  0  0  -1  0   0  0  0  0  0  0/0     3:44   0:00   0:00 
William Trudeau          0  0  0   0  2   4  2  1  0  0  0/0    25:04   6:11   2:47 

Players Stats for ATLANTIC CITY RIVERKINGS

Player Name              G  A  P  +/- PIM S  H  SB GA TA FO     MP     PP MP  PK MP  
------------------------------------------------------------------------------------
Anthony Angello          0  1  1   1  6   4  4  0  0  0  8/11   10:58   0:00   0:34 
Ben Harpur               0  0  0   1  0   1  5  0  0  0  0/0    14:30   0:45   1:50 
Ben King                 0  0  0   1  0   0  1  0  0  0  0/0    10:06   0:00   0:00 
Ben McCartney            0  0  0   0  0   3  0  0  0  0  0/0    16:36   4:08   0:50 
Brennan Othmann          0  0  0   0  2   2  2  0  0  0  0/0     3:40   0:00   0:00 
Bryce Montgomery         0  0  0   0  2   1  1  0  0  0  0/0    14:59   0:14   2:46 
Garrett Pilon            1  0  1   1  0   3  1  0  0  0  14/29  21:48   4:08   4:48 
Hudson Fasching          1  0  1   1  0   3  0  2  0  0  1/1    10:27   0:00   0:00 
Ilya Solovyov            0  0  0  -1  0   0  2  1  0  0  0/0    23:42   3:11   5:07 
Mason Shaw               0  0  0   0  0   0  0  0  0  0  3/7     5:16   0:00   1:14 
Ronald Attard            0  0  0   2  2   0  3  0  0  0  0/0    22:53   4:31   6:04 
Ryan Mast                0  1  1   3  4   1  3  1  0  0  0/0    20:20   4:20   3:37 
Sam Colangelo            0  1  1   0  0   3  1  0  0  0  0/1    19:54   3:48   4:48 
Simon Nemec              0  0  0  -1  0   2  1  0  0  0  0/0    23:32   2:51   5:07 
Trey Fix-Wolansky        0  0  0   0  0   3  0  0  0  0  3/3    15:46   4:08   0:00 
Ty Dellandrea            1  0  1   0  0   6  5  0  0  0  1/1    22:24   3:48   5:48 
Viktor Neuchev           0  0  0   0  0   0  0  1  0  0  1/1     3:41   0:00   0:00 
Yakov Trenin             0  1  1   0  2   5  3  0  0  0  12/38  22:05   3:48   5:30 

3 Stars

1 - Jimmy Vesey (HAR)
2 - Ty Dellandrea (ATL)
3 - Garrett Pilon (ATL)

Power Play

HARTFORD MONKEYS - 1 on 7 Attempt(s) - 14,29%
ATLANTIC CITY RIVERKINGS - 0 on 4 Attempt(s) - 0,00%

Penalty Kill

HARTFORD MONKEYS - 4 on 4 Attempt(s) - 100,00% - Score 0 goal in Penalty Kill
ATLANTIC CITY RIVERKINGS - 6 on 7 Attempt(s) - 85,71% - Score 0 goal in Penalty Kill

Team Stat

HARTFORD MONKEYS - Hits : 21 - Faceoff Wins : 49 - Blocked Shots : 11 - Penalty Minutes : 12
ATLANTIC CITY RIVERKINGS - Hits : 32 - Faceoff Wins : 43 - Blocked Shots : 5 - Penalty Minutes : 18

Official

Referees : Beaudry Halkidis and Tom Chmielewski
Linesman : Bevan Mills and Colin Gates

Game Notes

No Game Note

HARTFORD MONKEYS

5 vs 5 Forward 
   Center                   Left Wing                Right Wing               Time % Phy DF OF 
 1 David Goyette            Cam Atkinson             Jimmy Vesey              36     1   2  2  
 2 Noah Ostlund             Filip Mesar              Corey Andonovski         31     1   2  2  
 3 Brandon Gignac           Gavin Brindley           Jonas Rondbjerg          23     1   2  2  
 4 Cam Atkinson             Corey Andonovski         David Goyette            10     1   2  2  

5 vs 5 Defense 
   Defense                  Defense                                           Time % Phy DF OF 
 1 William Trudeau          Ryan Ufko                                         36     1   2  2  
 2 Declan Carlile           Logan Mailloux                                    31     1   2  2  
 3 Keaton Middleton         Cameron Crotty                                    23     1   2  2  
 4 Samuel Bolduc            Topi Niemela                                      10     1   2  2  

PowerPlay Forward 
   Center                   Left Wing                Right Wing               Time % Phy DF OF 
 1 David Goyette            Cam Atkinson             Jimmy Vesey              55     1   2  2  
 2 Noah Ostlund             Filip Mesar              Corey Andonovski         45     1   2  2  

PowerPlay Defense
   Defense                  Defense                                           Time % Phy DF OF 
 1 William Trudeau          Ryan Ufko                                         55     1   2  2  
 2 Declan Carlile           Logan Mailloux                                    45     1   2  2  

Penalty Kill 4 Players Forward 
   Center                   Wing                     Time % Phy DF OF 
 1 Cam Atkinson             David Goyette            55     1   2  2  
 2 Corey Andonovski         Filip Mesar              45     1   2  2  

Penalty Kill 4 Players Defense
   Defense                  Defense                  Time % Phy DF OF 
 1 William Trudeau          Ryan Ufko                55     1   2  2  
 2 Declan Carlile           Logan Mailloux           45     1   2  2  

Penalty Kill - 3 Players Forward 
   Forward                                           Time % Phy DF OF 
 1 Cam Atkinson                                      55     1   2  2  
 2 David Goyette                                     45     1   2  2  

Penalty Kill - 3 Players Defense
   Defense                  Defense                  Time % Phy DF OF 
 1 William Trudeau          Ryan Ufko                55     1   2  2  
 2 Declan Carlile           Logan Mailloux           45     1   2  2  

4 vs 4 Forward 
   Center                   Wing                     Time % Phy DF OF 
 1 Cam Atkinson             David Goyette            55     1   2  2  
 2 Corey Andonovski         Filip Mesar              45     1   2  2  

4 vs 4 Defense
   Defense                  Defense                  Time % Phy DF OF 
 1 William Trudeau          Ryan Ufko                55     1   2  2  
 2 Declan Carlile           Logan Mailloux           45     1   2  2  

Last Minutes Offensive
   Center                   Left Wing                Right Wing               Defense                  Defense                  
   David Goyette            Cam Atkinson             Jimmy Vesey              William Trudeau          Ryan Ufko                

Last Minutes Defensive
   Center                   Left Wing                Right Wing               Defense                  Defense                  
   David Goyette            Cam Atkinson             Jimmy Vesey              William Trudeau          Ryan Ufko                

Goaltenders
Starting : Samuel Hlavaj            
Backup : Callum Tung              

Extra Forwards
Normal : Gavin Brindley, Jonas Rondbjerg, Brandon Gignac - PP : Gavin Brindley, Jonas Rondbjerg - PK : Brandon Gignac
Extra Defensemen
Normal : Keaton Middleton, Cameron Crotty, Samuel Bolduc - PP : Keaton Middleton - PK : Cameron Crotty, Samuel Bolduc
Penalty Shots
Cam Atkinson, David Goyette, Gavin Brindley, Filip Mesar, Corey Andonovski

Scratches
Ben Hemmerling (Healthy), Chase Pietila (Healthy), Konnor Smith (Healthy), Brad Lambert (Right Ankle Injury), Carson Golder (Healthy)
Luke Mistelbacher (Healthy)

ATLANTIC CITY RIVERKINGS

5 vs 5 Forward 
   Center                   Left Wing                Right Wing               Time % Phy DF OF 
 1 Yakov Trenin             Ty Dellandrea            Sam Colangelo            36     1   2  2  
 2 Garrett Pilon            Trey Fix-Wolansky        Ben McCartney            31     1   2  2  
 3 Anthony Angello          Hudson Fasching          Ben King                 23     1   2  2  
 4 Mason Shaw               Viktor Neuchev           Brennan Othmann          10     1   2  2  

5 vs 5 Defense 
   Defense                  Defense                                           Time % Phy DF OF 
 1 Ilya Solovyov            Simon Nemec                                       36     1   2  2  
 2 Ronald Attard            Ryan Mast                                         31     1   2  2  
 3 Ben Harpur               Bryce Montgomery                                  23     1   2  2  
 4 Ilya Solovyov            Simon Nemec                                       10     1   2  2  

PowerPlay Forward 
   Center                   Left Wing                Right Wing               Time % Phy DF OF 
 1 Yakov Trenin             Ty Dellandrea            Sam Colangelo            55     1   2  2  
 2 Garrett Pilon            Trey Fix-Wolansky        Ben McCartney            45     1   2  2  

PowerPlay Defense
   Defense                  Defense                                           Time % Phy DF OF 
 1 Ilya Solovyov            Simon Nemec                                       55     1   2  2  
 2 Ronald Attard            Ryan Mast                                         45     1   2  2  

Penalty Kill 4 Players Forward 
   Center                   Wing                     Time % Phy DF OF 
 1 Yakov Trenin             Ty Dellandrea            55     1   2  2  
 2 Garrett Pilon            Sam Colangelo            45     1   2  2  

Penalty Kill 4 Players Defense
   Defense                  Defense                  Time % Phy DF OF 
 1 Ilya Solovyov            Simon Nemec              55     1   2  2  
 2 Ronald Attard            Ryan Mast                45     1   2  2  

Penalty Kill - 3 Players Forward 
   Forward                                           Time % Phy DF OF 
 1 Yakov Trenin                                      55     1   2  2  
 2 Ty Dellandrea                                     45     1   2  2  

Penalty Kill - 3 Players Defense
   Defense                  Defense                  Time % Phy DF OF 
 1 Ilya Solovyov            Simon Nemec              55     1   2  2  
 2 Ronald Attard            Ryan Mast                45     1   2  2  

4 vs 4 Forward 
   Center                   Wing                     Time % Phy DF OF 
 1 Yakov Trenin             Ty Dellandrea            55     1   2  2  
 2 Garrett Pilon            Sam Colangelo            45     1   2  2  

4 vs 4 Defense
   Defense                  Defense                  Time % Phy DF OF 
 1 Ilya Solovyov            Simon Nemec              55     1   2  2  
 2 Ronald Attard            Ryan Mast                45     1   2  2  

Last Minutes Offensive
   Center                   Left Wing                Right Wing               Defense                  Defense                  
   Yakov Trenin             Ty Dellandrea            Sam Colangelo            Ilya Solovyov            Simon Nemec              

Last Minutes Defensive
   Center                   Left Wing                Right Wing               Defense                  Defense                  
   Yakov Trenin             Ty Dellandrea            Sam Colangelo            Ilya Solovyov            Simon Nemec              

Goaltenders
Starting : Nicolas Daws             
Backup : Kaapo Kahkonen           

Extra Forwards
Normal : Hudson Fasching, Anthony Angello, Mason Shaw - PP : Hudson Fasching, Anthony Angello - PK : Mason Shaw
Extra Defensemen
Normal : Ben Harpur, Bryce Montgomery, Ronald Attard - PP : Ben Harpur - PK : Bryce Montgomery, Ronald Attard
Penalty Shots
Yakov Trenin, Ty Dellandrea, Garrett Pilon, Sam Colangelo, Trey Fix-Wolansky

Scratches
Daylan Kuefler (Healthy), Cole Reinhardt (Healthy), Ivan Miroshnichenko (Healthy), Jeremy Hanzel (Healthy), Gabriel Perreault (Healthy)
Jackson Dorrington (Healthy), Leon Muggli (Healthy), Jeremie Biakabutuka (Healthy), Taylor Makar (Healthy)

% Time on Ice - HARTFORD MONKEYS

Lines # - Real PCT - Wanted PCT - Time Play
Normal Forward
1 - 29% - 36% - 10:02
2 - 32% - 31% - 11:08
3 - 35% - 23% - 12:21
4 - 4% - 10% - 1:24
Normal Defense
1 - 36% - 36% - 12:34
2 - 29% - 31% - 9:59
3 - 25% - 23% - 8:38
4 - 11% - 10% - 3:44
PP Forward
1 - 51% - 55% - 6:16
2 - 49% - 45% - 6:00
PP Defense
1 - 50% - 55% - 6:11
2 - 50% - 45% - 6:05
PK Forward
1 - 60% - 55% - 4:45
2 - 40% - 45% - 3:11
PK Defense
1 - 49% - 55% - 3:54
2 - 51% - 45% - 4:02
PK3 Forward
1 - 0% - 55%
2 - 0% - 45%
PK3 Defense
1 - 0% - 55%
2 - 0% - 45%
44 Forward
1 - 55% - 55% - 2:11
2 - 45% - 45% - 1:47
44 Defense
1 - 66% - 55% - 2:38
2 - 34% - 45% - 1:20
Last Minute Offensive  - 0:55
Last Minute Defensive  - 0:00
Total
Forward - 60:00
Defense - 60:00

% Time on Ice - ATLANTIC CITY RIVERKINGS

Lines # - Real PCT - Wanted PCT - Time Play
Normal Forward
1 - 27% - 36% - 9:30
2 - 33% - 31% - 11:38
3 - 29% - 23% - 10:06
4 - 11% - 10% - 3:41
Normal Defense
1 - 35% - 36% - 12:22
2 - 32% - 31% - 11:05
3 - 33% - 23% - 11:28
4 - 0% - 10% - 0:00
PP Forward
1 - 48% - 55% - 3:48
2 - 52% - 45% - 4:08
PP Defense
1 - 43% - 55% - 3:25
2 - 57% - 45% - 4:31
PK Forward
1 - 57% - 55% - 6:28
2 - 43% - 45% - 4:48
PK Defense
1 - 43% - 55% - 4:50
2 - 57% - 45% - 6:26
PK3 Forward
1 - 58% - 55% - 0:35
2 - 42% - 45% - 0:25
PK3 Defense
1 - 58% - 55% - 0:35
2 - 42% - 45% - 0:25
44 Forward
1 - 69% - 55% - 2:44
2 - 31% - 45% - 1:14
44 Defense
1 - 66% - 55% - 2:38
2 - 34% - 45% - 1:20
Last Minute Offensive  - 0:00
Last Minute Defensive  - 0:55
Total
Forward - 60:00
Defense - 60:00

Play-by-Play

1st period


0:01 of 1st period - David Goyette wins face-off versus Yakov Trenin in neutral zone.
0:22 of 1st period - Icing by Jimmy Vesey.
0:23 of 1st period - Garrett Pilon wins face-off versus David Goyette in HARTFORD MONKEYS zone.
0:23 of 1st period - Garrett Pilon is hit by William Trudeau.
0:32 of 1st period - Minor Penalty to Ronald Attard for Hooking.
0:33 of 1st period - Noah Ostlund wins face-off versus Yakov Trenin in ATLANTIC CITY RIVERKINGS zone.
0:33 of 1st period - Noah Ostlund is hit by Bryce Montgomery.
0:54 of 1st period - Shot by Declan Carlile.
0:54 of 1st period - Stopped by Nicolas Daws without a rebound.
0:54 of 1st period - Minor Penalty to Bryce Montgomery for Holding.
0:55 of 1st period - David Goyette wins face-off versus Yakov Trenin in ATLANTIC CITY RIVERKINGS zone.
1:10 of 1st period - Shot by Jimmy Vesey.
1:10 of 1st period - Stopped by Nicolas Daws without a rebound.
1:11 of 1st period - Ty Dellandrea wins face-off versus Noah Ostlund in ATLANTIC CITY RIVERKINGS zone.
1:24 of 1st period - Ben Harpur is hit by Corey Andonovski and loses puck.
1:45 of 1st period - Shot by Filip Mesar.
1:45 of 1st period - Stopped by Nicolas Daws without a rebound.
1:46 of 1st period - David Goyette wins face-off versus Yakov Trenin in ATLANTIC CITY RIVERKINGS zone.
1:54 of 1st period - Shot by Jimmy Vesey.
1:54 of 1st period - Goal by Jimmy Vesey - HARTFORD MONKEYS : 1 - ATLANTIC CITY RIVERKINGS : 0.
1:55 of 1st period - Garrett Pilon wins face-off versus David Goyette in neutral zone.
2:24 of 1st period - Shot by Jimmy Vesey.
2:24 of 1st period - Shot Misses the Net.
3:01 of 1st period - Ben Harpur is hit by Brandon Gignac and loses puck.
3:07 of 1st period - Icing by Bryce Montgomery.
3:08 of 1st period - Viktor Neuchev wins face-off versus Noah Ostlund in ATLANTIC CITY RIVERKINGS zone.
3:15 of 1st period - Shot by Mason Shaw.
3:15 of 1st period - Shot Blocked by Declan Carlile.
3:17 of 1st period - Shot by Brennan Othmann.
3:17 of 1st period - Deflect By Mason Shaw.
3:17 of 1st period - Shot Blocked by Logan Mailloux.
3:19 of 1st period - Shot by Viktor Neuchev.
3:19 of 1st period - Shot Blocked by Declan Carlile.
3:21 of 1st period - Shot by Bryce Montgomery.
3:21 of 1st period - Shot Misses the Net.
3:23 of 1st period - Shot by Brennan Othmann.
3:23 of 1st period - Shot Misses the Net.
3:53 of 1st period - Filip Mesar is hit by Ben Harpur and loses puck.
4:18 of 1st period - Shot by Ben McCartney.
4:18 of 1st period - Shot Misses the Net.
4:30 of 1st period - Shot by Trey Fix-Wolansky.
4:30 of 1st period - Stopped by Samuel Hlavaj without a rebound.
4:31 of 1st period - Yakov Trenin wins face-off versus David Goyette in HARTFORD MONKEYS zone.
5:31 of 1st period - Off-side.
5:32 of 1st period - Hudson Fasching wins face-off versus Brandon Gignac in neutral zone.
5:35 of 1st period - Shot by Hudson Fasching.
5:35 of 1st period - Shot Misses the Net.
5:37 of 1st period - Shot by Hudson Fasching.
5:37 of 1st period - Shot Misses the Net.
5:41 of 1st period - Shot by Anthony Angello.
5:41 of 1st period - Shot Misses the Net.
5:45 of 1st period - Shot by Hudson Fasching.
5:45 of 1st period - Goal by Hudson Fasching - HARTFORD MONKEYS : 1 - ATLANTIC CITY RIVERKINGS : 1.
5:46 of 1st period - David Goyette wins face-off versus Garrett Pilon in neutral zone.
5:51 of 1st period - Icing by Ben McCartney.
5:52 of 1st period - Brandon Gignac wins face-off versus Garrett Pilon in ATLANTIC CITY RIVERKINGS zone.
5:53 of 1st period - Shot by Gavin Brindley.
5:53 of 1st period - Stopped by Nicolas Daws without a rebound.
5:54 of 1st period - Garrett Pilon wins face-off versus Gavin Brindley in ATLANTIC CITY RIVERKINGS zone.
6:52 of 1st period - Icing by Cam Atkinson.
6:53 of 1st period - Yakov Trenin wins face-off versus David Goyette in HARTFORD MONKEYS zone.
6:54 of 1st period - Shot by Ty Dellandrea.
6:54 of 1st period - Deflect By Yakov Trenin.
6:54 of 1st period - Stopped by Samuel Hlavaj with a rebound.
6:56 of 1st period - Shot by Yakov Trenin.
6:56 of 1st period - Stopped by Samuel Hlavaj without a rebound.
6:57 of 1st period - Yakov Trenin wins face-off versus Noah Ostlund in HARTFORD MONKEYS zone.
7:04 of 1st period - Shot by Sam Colangelo.
7:04 of 1st period - Shot Blocked by Declan Carlile.
7:06 of 1st period - Shot by Ty Dellandrea.
7:06 of 1st period - Stopped by Samuel Hlavaj with a rebound.
7:08 of 1st period - Shot by Ty Dellandrea.
7:08 of 1st period - Stopped by Samuel Hlavaj without a rebound.
7:09 of 1st period - Anthony Angello wins face-off versus David Goyette in HARTFORD MONKEYS zone.
7:13 of 1st period - Icing by Cam Atkinson.
7:14 of 1st period - David Goyette wins face-off versus Anthony Angello in HARTFORD MONKEYS zone.
7:14 of 1st period - Jimmy Vesey is hit by Anthony Angello and loses puck.
7:30 of 1st period - Cam Atkinson is hit by Anthony Angello and loses puck.
7:34 of 1st period - Ryan Ufko is hit by Ilya Solovyov and loses puck.
7:41 of 1st period - Shot by Cam Atkinson.
7:41 of 1st period - Shot Misses the Net.
8:26 of 1st period - Sam Colangelo is hit by Declan Carlile and loses puck.
8:28 of 1st period - Minor Penalty to Logan Mailloux for Interference.
8:29 of 1st period - Garrett Pilon wins face-off versus Cam Atkinson in HARTFORD MONKEYS zone.
8:43 of 1st period - Icing by Ryan Mast.
8:44 of 1st period - Trey Fix-Wolansky wins face-off versus Cam Atkinson in ATLANTIC CITY RIVERKINGS zone.
8:44 of 1st period - Trey Fix-Wolansky is hit by Cam Atkinson.
8:51 of 1st period - Off-side.
8:52 of 1st period - Corey Andonovski wins face-off versus Yakov Trenin in neutral zone.
9:08 of 1st period - William Trudeau is hit by Ty Dellandrea and loses puck.
9:53 of 1st period - Shot by Ben McCartney.
9:53 of 1st period - Stopped by Samuel Hlavaj without a rebound.
9:54 of 1st period - Garrett Pilon wins face-off versus Corey Andonovski in HARTFORD MONKEYS zone.
10:28 of 1st period - Minor Penalty to Anthony Angello for Hooking.
10:29 of 1st period - David Goyette wins face-off versus Yakov Trenin in ATLANTIC CITY RIVERKINGS zone.
10:58 of 1st period - Shot by Jimmy Vesey.
10:58 of 1st period - Shot Misses the Net.
11:23 of 1st period - Shot by Garrett Pilon.
11:23 of 1st period - Shot Hit the Post.
11:31 of 1st period - Shot by William Trudeau.
11:31 of 1st period - Shot Blocked by Ryan Mast.
11:33 of 1st period - Shot by William Trudeau.
11:33 of 1st period - Stopped by Nicolas Daws without a rebound.
11:34 of 1st period - David Goyette wins face-off versus Garrett Pilon in ATLANTIC CITY RIVERKINGS zone.
11:45 of 1st period - Shot by Cam Atkinson.
11:45 of 1st period - Shot Misses the Net.
12:01 of 1st period - Shot by Logan Mailloux.
12:01 of 1st period - Shot Misses the Net.
12:28 of 1st period - Minor Penalty to Anthony Angello for Hooking.
12:28 of 1st period - Minor Penalty to Keaton Middleton for Hooking.
12:29 of 1st period - Yakov Trenin wins face-off versus Gavin Brindley in HARTFORD MONKEYS zone.
12:30 of 1st period - Shot by Ty Dellandrea.
12:30 of 1st period - Shot Misses the Net.
12:32 of 1st period - Shot by Ty Dellandrea.
12:32 of 1st period - Stopped by Samuel Hlavaj without a rebound.
12:33 of 1st period - Yakov Trenin wins face-off versus Gavin Brindley in HARTFORD MONKEYS zone.
12:38 of 1st period - Shot by Ty Dellandrea.
12:38 of 1st period - Goal by Ty Dellandrea - HARTFORD MONKEYS : 1 - ATLANTIC CITY RIVERKINGS : 2.
12:39 of 1st period - Corey Andonovski wins face-off versus Yakov Trenin in neutral zone.
13:33 of 1st period - Icing by Ryan Mast.
13:34 of 1st period - Garrett Pilon wins face-off versus Cam Atkinson in ATLANTIC CITY RIVERKINGS zone.
13:39 of 1st period - Shot by Sam Colangelo.
13:39 of 1st period - Stopped by Samuel Hlavaj without a rebound.
13:40 of 1st period - Cam Atkinson wins face-off versus Garrett Pilon in HARTFORD MONKEYS zone.
13:52 of 1st period - Sam Colangelo is hit by Declan Carlile and loses puck.
13:59 of 1st period - Shot by Sam Colangelo.
13:59 of 1st period - Stopped by Samuel Hlavaj with a rebound.
14:09 of 1st period - Shot by Garrett Pilon.
14:09 of 1st period - Stopped by Samuel Hlavaj without a rebound.
14:10 of 1st period - Gavin Brindley wins face-off versus Yakov Trenin in HARTFORD MONKEYS zone.
14:35 of 1st period - Shot by Anthony Angello.
14:35 of 1st period - Shot Misses the Net.
14:37 of 1st period - Shot by Hudson Fasching.
14:37 of 1st period - Shot Misses the Net.
14:39 of 1st period - Shot by Bryce Montgomery.
14:39 of 1st period - Shot Misses the Net.
14:58 of 1st period - Shot by Gavin Brindley.
14:58 of 1st period - Deflect By Jonas Rondbjerg.
14:58 of 1st period - Shot Blocked by Hudson Fasching.
15:45 of 1st period - Ben McCartney is hit by Declan Carlile and loses puck.
16:02 of 1st period - Shot by Filip Mesar.
16:02 of 1st period - Stopped by Nicolas Daws without a rebound.
16:03 of 1st period - David Goyette wins face-off versus Yakov Trenin in ATLANTIC CITY RIVERKINGS zone.
16:16 of 1st period - Shot by Jimmy Vesey.
16:16 of 1st period - Shot Misses the Net.
16:20 of 1st period - Shot by Jimmy Vesey.
16:20 of 1st period - Goal by Jimmy Vesey - HARTFORD MONKEYS : 2 - ATLANTIC CITY RIVERKINGS : 2.
16:21 of 1st period - Anthony Angello wins face-off versus Noah Ostlund in neutral zone.
16:26 of 1st period - Icing by Filip Mesar.
16:27 of 1st period - Noah Ostlund wins face-off versus Sam Colangelo in HARTFORD MONKEYS zone.
16:27 of 1st period - Noah Ostlund is hit by Sam Colangelo.
16:42 of 1st period - Filip Mesar is hit by Ilya Solovyov and loses puck.
16:52 of 1st period - Minor Penalty to Samuel Bolduc for Hooking.
16:53 of 1st period - Garrett Pilon wins face-off versus Cam Atkinson in HARTFORD MONKEYS zone.
16:53 of 1st period - Ben McCartney is hit by William Trudeau and loses puck.
17:01 of 1st period - Shot by Ben McCartney.
17:01 of 1st period - Stopped by Samuel Hlavaj with a rebound.
17:03 of 1st period - Shot by Ryan Mast.
17:03 of 1st period - Shot Misses the Net.
17:07 of 1st period - Shot by Garrett Pilon.
17:07 of 1st period - Stopped by Samuel Hlavaj without a rebound.
17:08 of 1st period - Cam Atkinson wins face-off versus Yakov Trenin in HARTFORD MONKEYS zone.
17:08 of 1st period - Cam Atkinson is hit by Ty Dellandrea.
17:36 of 1st period - Shot by Sam Colangelo.
17:36 of 1st period - Stopped by Samuel Hlavaj with a rebound.
17:50 of 1st period - Shot by Trey Fix-Wolansky.
17:50 of 1st period - Shot Blocked by Declan Carlile.
18:04 of 1st period - Shot by Ben McCartney.
18:04 of 1st period - Deflect By Trey Fix-Wolansky.
18:04 of 1st period - Stopped by Samuel Hlavaj without a rebound.
18:05 of 1st period - Cam Atkinson wins face-off versus Garrett Pilon in HARTFORD MONKEYS zone.
19:02 of 1st period - Shot by Anthony Angello.
19:02 of 1st period - Shot Misses the Net.
19:08 of 1st period - Shot by Jonas Rondbjerg.
19:08 of 1st period - Stopped by Nicolas Daws without a rebound.
19:09 of 1st period - Noah Ostlund wins face-off versus Yakov Trenin in ATLANTIC CITY RIVERKINGS zone.
19:13 of 1st period - Icing by Simon Nemec.
19:14 of 1st period - Yakov Trenin wins face-off versus Brandon Gignac in ATLANTIC CITY RIVERKINGS zone.
19:40 of 1st period - Shot by Yakov Trenin.
19:40 of 1st period - Stopped by Samuel Hlavaj with a rebound.
19:50 of 1st period - Ty Dellandrea is hit by Brandon Gignac and loses puck.
Goals for this period are 2 for HARTFORD MONKEYS vs 2 for ATLANTIC CITY RIVERKINGS.
Shots for this period are 9 for HARTFORD MONKEYS vs 17 for ATLANTIC CITY RIVERKINGS.

2nd period


0:01 of 2nd period - Yakov Trenin wins face-off versus Jimmy Vesey in neutral zone.
0:04 of 2nd period - Shot by Ty Dellandrea.
0:04 of 2nd period - Shot Misses the Net.
0:06 of 2nd period - Shot by Ty Dellandrea.
0:06 of 2nd period - Shot Misses the Net.
0:08 of 2nd period - Shot by Ty Dellandrea.
0:08 of 2nd period - Stopped by Samuel Hlavaj without a rebound.
0:09 of 2nd period - Noah Ostlund wins face-off versus Garrett Pilon in HARTFORD MONKEYS zone.
0:27 of 2nd period - Shot by Trey Fix-Wolansky.
0:27 of 2nd period - Shot Misses the Net.
0:29 of 2nd period - Shot by Ryan Mast.
0:29 of 2nd period - Shot Misses the Net.
0:31 of 2nd period - Shot by Ben McCartney.
0:31 of 2nd period - Stopped by Samuel Hlavaj with a rebound.
0:43 of 2nd period - Ben McCartney is hit by Corey Andonovski and loses puck.
1:03 of 2nd period - Minor Penalty to Jimmy Vesey for Hooking.
1:04 of 2nd period - Cam Atkinson wins face-off versus Yakov Trenin in HARTFORD MONKEYS zone.
1:04 of 2nd period - Cam Atkinson is hit by Ty Dellandrea.
1:34 of 2nd period - Shot by Yakov Trenin.
1:34 of 2nd period - Shot Blocked by Logan Mailloux.
1:54 of 2nd period - Shot by Garrett Pilon.
1:54 of 2nd period - Deflect By Trey Fix-Wolansky.
1:54 of 2nd period - Shot Misses the Net.
1:56 of 2nd period - Shot by Ryan Mast.
1:56 of 2nd period - Stopped by Samuel Hlavaj with a rebound.
3:15 of 2nd period - Shot by Gavin Brindley.
3:15 of 2nd period - Shot Misses the Net.
3:21 of 2nd period - Shot by Anthony Angello.
3:21 of 2nd period - Shot Misses the Net.
3:23 of 2nd period - Shot by Hudson Fasching.
3:23 of 2nd period - Shot Blocked by Cameron Crotty.
3:25 of 2nd period - Shot by Hudson Fasching.
3:25 of 2nd period - Stopped by Samuel Hlavaj without a rebound.
3:26 of 2nd period - Noah Ostlund wins face-off versus Mason Shaw in HARTFORD MONKEYS zone.
3:26 of 2nd period - Noah Ostlund is hit by Brennan Othmann.
3:29 of 2nd period - Minor Penalty to Brennan Othmann for Tripping.
3:30 of 2nd period - Yakov Trenin wins face-off versus Noah Ostlund in ATLANTIC CITY RIVERKINGS zone.
3:47 of 2nd period - Shot by Noah Ostlund.
3:47 of 2nd period - Shot Misses the Net.
3:49 of 2nd period - Shot by Ryan Ufko.
3:49 of 2nd period - Deflect By Filip Mesar.
3:49 of 2nd period - Stopped by Nicolas Daws without a rebound.
3:50 of 2nd period - Garrett Pilon wins face-off versus Noah Ostlund in ATLANTIC CITY RIVERKINGS zone.
4:47 of 2nd period - Shot by David Goyette.
4:47 of 2nd period - Stopped by Nicolas Daws without a rebound.
4:48 of 2nd period - David Goyette wins face-off versus Yakov Trenin in ATLANTIC CITY RIVERKINGS zone.
4:52 of 2nd period - Jimmy Vesey is hit by Ryan Mast and loses puck.
4:55 of 2nd period - Shot by William Trudeau.
4:55 of 2nd period - Shot Hit the Post.
4:57 of 2nd period - Shot by William Trudeau.
4:57 of 2nd period - Stopped by Nicolas Daws without a rebound.
4:58 of 2nd period - Noah Ostlund wins face-off versus Yakov Trenin in ATLANTIC CITY RIVERKINGS zone.
5:37 of 2nd period - Anthony Angello is hit by Cameron Crotty and loses puck.
5:49 of 2nd period - Shot by Anthony Angello.
5:49 of 2nd period - Shot Misses the Net.
5:51 of 2nd period - Shot by Hudson Fasching.
5:51 of 2nd period - Shot Misses the Net.
5:56 of 2nd period - Hudson Fasching is hit by Keaton Middleton and loses puck.
6:47 of 2nd period - Icing by Simon Nemec.
6:48 of 2nd period - Trey Fix-Wolansky wins face-off versus Cam Atkinson in ATLANTIC CITY RIVERKINGS zone.
6:48 of 2nd period - Trey Fix-Wolansky is hit by Cam Atkinson.
6:58 of 2nd period - Shot by Trey Fix-Wolansky.
6:58 of 2nd period - Shot Blocked by Cam Atkinson.
7:04 of 2nd period - Ilya Solovyov is hit by Corey Andonovski and loses puck.
7:24 of 2nd period - Icing by Cam Atkinson.
7:25 of 2nd period - Cam Atkinson wins face-off versus Yakov Trenin in HARTFORD MONKEYS zone.
7:25 of 2nd period - Cam Atkinson is hit by Ty Dellandrea.
7:51 of 2nd period - Shot by Yakov Trenin.
7:51 of 2nd period - Stopped by Samuel Hlavaj without a rebound.
7:52 of 2nd period - Gavin Brindley wins face-off versus Anthony Angello in HARTFORD MONKEYS zone.
8:16 of 2nd period - Shot by Bryce Montgomery.
8:16 of 2nd period - Stopped by Samuel Hlavaj with a rebound.
8:18 of 2nd period - Shot by Ben Harpur.
8:18 of 2nd period - Stopped by Samuel Hlavaj with a rebound.
8:21 of 2nd period - Hudson Fasching is hit by Declan Carlile and loses puck.
8:54 of 2nd period - Noah Ostlund is hit by Brennan Othmann and loses puck.
9:03 of 2nd period - Shot by Filip Mesar.
9:03 of 2nd period - Shot Blocked by Viktor Neuchev.
9:05 of 2nd period - Shot by William Trudeau.
9:05 of 2nd period - Shot Misses the Net.
9:22 of 2nd period - Off-side.
9:23 of 2nd period - David Goyette wins face-off versus Yakov Trenin in neutral zone.
9:37 of 2nd period - Shot by Jimmy Vesey.
9:37 of 2nd period - Shot Misses the Net.
9:43 of 2nd period - Jimmy Vesey is hit by Yakov Trenin and loses puck.
11:14 of 2nd period - Off-side.
11:15 of 2nd period - Brandon Gignac wins face-off versus Anthony Angello in neutral zone.
11:15 of 2nd period - Brandon Gignac is hit by Anthony Angello.
11:18 of 2nd period - Jonas Rondbjerg is hit by Anthony Angello.
11:25 of 2nd period - Jonas Rondbjerg is hit by Ryan Mast and loses puck.
11:33 of 2nd period - Jonas Rondbjerg is hit by Ronald Attard and loses puck.
12:03 of 2nd period - Icing by William Trudeau.
12:04 of 2nd period - Brandon Gignac wins face-off versus Yakov Trenin in HARTFORD MONKEYS zone.
12:47 of 2nd period - Shot by Filip Mesar.
12:47 of 2nd period - Shot Misses the Net.
13:30 of 2nd period - Icing by Ryan Mast.
13:31 of 2nd period - Filip Mesar wins face-off versus Mason Shaw in ATLANTIC CITY RIVERKINGS zone.
13:35 of 2nd period - Noah Ostlund is hit by Ronald Attard and loses puck.
13:55 of 2nd period - Shot by Filip Mesar.
13:55 of 2nd period - Stopped by Nicolas Daws without a rebound.
13:56 of 2nd period - Brandon Gignac wins face-off versus Garrett Pilon in ATLANTIC CITY RIVERKINGS zone.
14:19 of 2nd period - Shot by Garrett Pilon.
14:19 of 2nd period - Deflect By Trey Fix-Wolansky.
14:19 of 2nd period - Stopped by Samuel Hlavaj with a rebound.
14:38 of 2nd period - Icing by Ben Harpur.
14:39 of 2nd period - Trey Fix-Wolansky wins face-off versus David Goyette in ATLANTIC CITY RIVERKINGS zone.
14:53 of 2nd period - Shot by Cam Atkinson.
14:53 of 2nd period - Stopped by Nicolas Daws with a rebound.
14:55 of 2nd period - Shot by Jimmy Vesey.
14:55 of 2nd period - Shot Misses the Net.
15:23 of 2nd period - Ben Harpur is hit by Corey Andonovski and loses puck.
15:56 of 2nd period - Noah Ostlund is hit by Ben Harpur and loses puck.
16:56 of 2nd period - Sam Colangelo is hit by Declan Carlile and loses puck.
17:13 of 2nd period - Jimmy Vesey is hit by Ronald Attard and loses puck.
17:40 of 2nd period - Shot by Anthony Angello.
17:40 of 2nd period - Stopped by Samuel Hlavaj with a rebound.
17:46 of 2nd period - Shot by Anthony Angello.
17:46 of 2nd period - Stopped by Samuel Hlavaj without a rebound.
17:47 of 2nd period - Mason Shaw wins face-off versus Noah Ostlund in HARTFORD MONKEYS zone.
18:00 of 2nd period - Shot by Brennan Othmann.
18:00 of 2nd period - Shot Blocked by Keaton Middleton.
18:02 of 2nd period - Shot by Brennan Othmann.
18:02 of 2nd period - Stopped by Samuel Hlavaj without a rebound.
18:03 of 2nd period - Mason Shaw wins face-off versus Brandon Gignac in HARTFORD MONKEYS zone.
18:06 of 2nd period - Shot by Viktor Neuchev.
18:06 of 2nd period - Shot Misses the Net.
18:23 of 2nd period - Shot by Brennan Othmann.
18:23 of 2nd period - Stopped by Samuel Hlavaj without a rebound.
18:24 of 2nd period - Anthony Angello wins face-off versus David Goyette in HARTFORD MONKEYS zone.
18:26 of 2nd period - Hudson Fasching is hit by Declan Carlile.
18:28 of 2nd period - Shot by Anthony Angello.
18:28 of 2nd period - Deflect By Hudson Fasching.
18:28 of 2nd period - Stopped by Samuel Hlavaj with a rebound.
19:07 of 2nd period - Minor Penalty to Anthony Angello for Roughing.
19:07 of 2nd period - Minor Penalty to Corey Andonovski for Holding Stick.
19:08 of 2nd period - Gavin Brindley wins face-off versus Yakov Trenin in neutral zone.
19:37 of 2nd period - Shot by Filip Mesar.
19:37 of 2nd period - Shot Misses the Net.
19:39 of 2nd period - Shot by William Trudeau.
19:39 of 2nd period - Stopped by Nicolas Daws without a rebound.
19:40 of 2nd period - Garrett Pilon wins face-off versus Jonas Rondbjerg in ATLANTIC CITY RIVERKINGS zone.
19:57 of 2nd period - Shot by Garrett Pilon.
19:57 of 2nd period - Goal by Garrett Pilon - HARTFORD MONKEYS : 2 - ATLANTIC CITY RIVERKINGS : 3.
19:58 of 2nd period - Cam Atkinson wins face-off versus Yakov Trenin in neutral zone.
Goals for this period are 0 for HARTFORD MONKEYS vs 1 for ATLANTIC CITY RIVERKINGS.
Shots for this period are 6 for HARTFORD MONKEYS vs 14 for ATLANTIC CITY RIVERKINGS.

3rd period


0:01 of 3rd period - Cam Atkinson wins face-off versus Yakov Trenin in neutral zone.
0:08 of 3rd period - Shot by Cam Atkinson.
0:08 of 3rd period - Shot Misses the Net.
0:14 of 3rd period - William Trudeau is hit by Ty Dellandrea and loses puck.
1:03 of 3rd period - Ryan Mast is hit by Gavin Brindley and loses puck.
1:26 of 3rd period - Shot by Anthony Angello.
1:26 of 3rd period - Stopped by Samuel Hlavaj without a rebound.
1:27 of 3rd period - Brandon Gignac wins face-off versus Garrett Pilon in HARTFORD MONKEYS zone.
1:31 of 3rd period - Minor Penalty to Ryan Mast for Slashing.
1:32 of 3rd period - Garrett Pilon wins face-off versus David Goyette in ATLANTIC CITY RIVERKINGS zone.
2:06 of 3rd period - Icing by Logan Mailloux.
2:07 of 3rd period - Yakov Trenin wins face-off versus Cam Atkinson in HARTFORD MONKEYS zone.
3:01 of 3rd period - Icing by William Trudeau.
3:02 of 3rd period - Yakov Trenin wins face-off versus Noah Ostlund in HARTFORD MONKEYS zone.
3:03 of 3rd period - Shot by Ty Dellandrea.
3:03 of 3rd period - Shot Blocked by William Trudeau.
3:12 of 3rd period - Off-side.
3:13 of 3rd period - David Goyette wins face-off versus Garrett Pilon in neutral zone.
3:13 of 3rd period - David Goyette is hit by Garrett Pilon.
3:17 of 3rd period - Shot by Logan Mailloux.
3:17 of 3rd period - Stopped by Nicolas Daws without a rebound.
3:18 of 3rd period - David Goyette wins face-off versus Garrett Pilon in ATLANTIC CITY RIVERKINGS zone.
3:41 of 3rd period - Shot by Jonas Rondbjerg.
3:41 of 3rd period - Stopped by Nicolas Daws without a rebound.
3:42 of 3rd period - Garrett Pilon wins face-off versus Brandon Gignac in ATLANTIC CITY RIVERKINGS zone.
3:44 of 3rd period - Icing by Ben McCartney.
3:45 of 3rd period - Brandon Gignac wins face-off versus Garrett Pilon in ATLANTIC CITY RIVERKINGS zone.
4:00 of 3rd period - Shot by Jonas Rondbjerg.
4:00 of 3rd period - Shot Misses the Net.
4:27 of 3rd period - Off-side.
4:28 of 3rd period - David Goyette wins face-off versus Yakov Trenin in neutral zone.
4:31 of 3rd period - Shot by Cam Atkinson.
4:31 of 3rd period - Stopped by Nicolas Daws without a rebound.
4:32 of 3rd period - David Goyette wins face-off versus Yakov Trenin in ATLANTIC CITY RIVERKINGS zone.
5:01 of 3rd period - Shot by Ty Dellandrea.
5:01 of 3rd period - Shot Misses the Net.
5:03 of 3rd period - Shot by Simon Nemec.
5:03 of 3rd period - Stopped by Samuel Hlavaj without a rebound.
5:04 of 3rd period - Garrett Pilon wins face-off versus Noah Ostlund in HARTFORD MONKEYS zone.
5:16 of 3rd period - Filip Mesar is hit by Ryan Mast and loses puck.
5:20 of 3rd period - Minor Penalty to Ryan Mast for Holding.
5:21 of 3rd period - Yakov Trenin wins face-off versus Noah Ostlund in ATLANTIC CITY RIVERKINGS zone.
5:21 of 3rd period - Yakov Trenin is hit by Corey Andonovski.
6:09 of 3rd period - Shot by Ty Dellandrea.
6:09 of 3rd period - Stopped by Samuel Hlavaj without a rebound.
6:10 of 3rd period - Garrett Pilon wins face-off versus David Goyette in HARTFORD MONKEYS zone.
6:13 of 3rd period - Shot by Sam Colangelo.
6:13 of 3rd period - Shot Misses the Net.
6:46 of 3rd period - Shot by Jimmy Vesey.
6:46 of 3rd period - Shot Misses the Net.
6:56 of 3rd period - Shot by Filip Mesar.
6:56 of 3rd period - Deflect By Corey Andonovski.
6:56 of 3rd period - Shot Misses the Net.
6:58 of 3rd period - Shot by Ryan Ufko.
6:58 of 3rd period - Shot Misses the Net.
7:00 of 3rd period - Shot by William Trudeau.
7:00 of 3rd period - Shot Misses the Net.
7:02 of 3rd period - Shot by William Trudeau.
7:02 of 3rd period - Stopped by Nicolas Daws without a rebound.
7:03 of 3rd period - Noah Ostlund wins face-off versus Garrett Pilon in ATLANTIC CITY RIVERKINGS zone.
7:23 of 3rd period - Icing by Bryce Montgomery.
7:24 of 3rd period - Anthony Angello wins face-off versus Jonas Rondbjerg in ATLANTIC CITY RIVERKINGS zone.
7:29 of 3rd period - Jonas Rondbjerg is hit by Ben King and loses puck.
7:46 of 3rd period - Shot by Gavin Brindley.
7:46 of 3rd period - Stopped by Nicolas Daws without a rebound.
7:47 of 3rd period - David Goyette wins face-off versus Garrett Pilon in ATLANTIC CITY RIVERKINGS zone.
7:54 of 3rd period - Shot by Jimmy Vesey.
7:54 of 3rd period - Stopped by Nicolas Daws without a rebound.
7:55 of 3rd period - Garrett Pilon wins face-off versus David Goyette in ATLANTIC CITY RIVERKINGS zone.
8:28 of 3rd period - Shot by Jimmy Vesey.
8:28 of 3rd period - Stopped by Nicolas Daws without a rebound.
8:29 of 3rd period - Yakov Trenin wins face-off versus Noah Ostlund in ATLANTIC CITY RIVERKINGS zone.
9:57 of 3rd period - Shot by Cam Atkinson.
9:57 of 3rd period - Deflect By Jimmy Vesey.
9:57 of 3rd period - Shot Misses the Net.
10:00 of 3rd period - Cam Atkinson is hit by Ben Harpur and loses puck.
10:14 of 3rd period - Cam Atkinson is hit by Ben Harpur and loses puck.
10:24 of 3rd period - Cam Atkinson is hit by Ben Harpur.
10:28 of 3rd period - Shot by Cam Atkinson.
10:28 of 3rd period - Stopped by Nicolas Daws without a rebound.
10:29 of 3rd period - Anthony Angello wins face-off versus Noah Ostlund in ATLANTIC CITY RIVERKINGS zone.
10:39 of 3rd period - Shot by Corey Andonovski.
10:39 of 3rd period - Shot Misses the Net.
10:41 of 3rd period - Shot by Noah Ostlund.
10:41 of 3rd period - Shot Blocked by Hudson Fasching.
10:43 of 3rd period - Shot by Logan Mailloux.
10:43 of 3rd period - Stopped by Nicolas Daws without a rebound.
10:44 of 3rd period - Brandon Gignac wins face-off versus Mason Shaw in ATLANTIC CITY RIVERKINGS zone.
10:45 of 3rd period - Shot by Gavin Brindley.
10:45 of 3rd period - Stopped by Nicolas Daws without a rebound.
10:46 of 3rd period - Anthony Angello wins face-off versus Noah Ostlund in ATLANTIC CITY RIVERKINGS zone.
10:46 of 3rd period - Anthony Angello is hit by Corey Andonovski.
12:05 of 3rd period - Minor Penalty to Yakov Trenin for Hooking.
12:06 of 3rd period - David Goyette wins face-off versus Mason Shaw in ATLANTIC CITY RIVERKINGS zone.
12:06 of 3rd period - Cam Atkinson is hit by Simon Nemec and loses puck.
13:33 of 3rd period - Icing by Keaton Middleton.
13:34 of 3rd period - Anthony Angello wins face-off versus David Goyette in HARTFORD MONKEYS zone.
14:16 of 3rd period - Shot by Gavin Brindley.
14:16 of 3rd period - Stopped by Nicolas Daws without a rebound.
14:17 of 3rd period - Anthony Angello wins face-off versus Noah Ostlund in ATLANTIC CITY RIVERKINGS zone.
14:43 of 3rd period - Shot by Anthony Angello.
14:43 of 3rd period - Shot Misses the Net.
15:01 of 3rd period - Shot by Gavin Brindley.
15:01 of 3rd period - Shot Misses the Net.
15:13 of 3rd period - Shot by Gavin Brindley.
15:13 of 3rd period - Shot Blocked by Ilya Solovyov.
15:17 of 3rd period - Shot by Jonas Rondbjerg.
15:17 of 3rd period - Shot Misses the Net.
15:53 of 3rd period - Shot by Jimmy Vesey.
15:53 of 3rd period - Stopped by Nicolas Daws with a rebound.
15:59 of 3rd period - Shot by Jimmy Vesey.
15:59 of 3rd period - Stopped by Nicolas Daws without a rebound.
16:00 of 3rd period - Cam Atkinson wins face-off versus Garrett Pilon in ATLANTIC CITY RIVERKINGS zone.
16:54 of 3rd period - Minor Penalty to William Trudeau for Holding.
16:55 of 3rd period - Corey Andonovski wins face-off versus Yakov Trenin in HARTFORD MONKEYS zone.
18:19 of 3rd period - Shot by Yakov Trenin.
18:19 of 3rd period - Shot Blocked by Jimmy Vesey.
18:21 of 3rd period - Shot by Yakov Trenin.
18:21 of 3rd period - Stopped by Samuel Hlavaj without a rebound.
18:22 of 3rd period - David Goyette wins face-off versus Yakov Trenin in HARTFORD MONKEYS zone.
18:22 of 3rd period - David Goyette is hit by Yakov Trenin.
18:39 of 3rd period - Off-side.
18:40 of 3rd period - Corey Andonovski wins face-off versus Garrett Pilon in neutral zone.
19:02 of 3rd period - Shot by Hudson Fasching.
19:02 of 3rd period - Shot Misses the Net.
19:04 of 3rd period - Shot by Simon Nemec.
19:04 of 3rd period - Stopped by Samuel Hlavaj without a rebound.
19:05 of 3rd period - David Goyette wins face-off versus Yakov Trenin in HARTFORD MONKEYS zone.
19:14 of 3rd period - Cam Atkinson is hit by Yakov Trenin and loses puck.
19:34 of 3rd period - Icing by William Trudeau.
19:35 of 3rd period - Mason Shaw wins face-off versus David Goyette in HARTFORD MONKEYS zone.
19:55 of 3rd period - Shot by Anthony Angello.
19:55 of 3rd period - Stopped by Samuel Hlavaj without a rebound.
19:56 of 3rd period - Gavin Brindley wins face-off versus Yakov Trenin in HARTFORD MONKEYS zone.
Goals for this period are 0 for HARTFORD MONKEYS vs 0 for ATLANTIC CITY RIVERKINGS.
Shots for this period are 13 for HARTFORD MONKEYS vs 6 for ATLANTIC CITY RIVERKINGS.